[Event "IIFL Wealth  4th Mumbai Junior U-13"]
[Site "Mumbai"]
[Date "2019.01.05"]
[Round "7"]
[White "Bajaj Prakhar"]
[Black "Jain Kashish Manoj"]
[Result "0-1"]
[ECO "E92"]
[WhiteElo "1551"]
[BlackElo "1853"]
[Annotator "NA RC"]
[PlyCount "108"]
[EventDate "2018.12.30"]
[EventType "swiss"]
[EventCountry "IND"]
[SourceTitle "playchess.com"]
[Source "ChessBase"]
[SourceQuality "1"]
[TimeControl "40/5400+30:1800+30"]

1. d4 Nf6 2. Nf3 g6 3. c4 Bg7 4. Nc3 O-O 5. e4 d6 6. Be2 e5 7. dxe5 dxe5 8. Qxd8 Rxd8 9. Bg5 c6 10. O-O {LiveBook: 23 Games} h6 11. Rad1 Re8 12. Bxf6 ({White should play} 12. Be3 $11) 12... Bxf6 13. Rd2 Na6 14. Bd3 $146 {[%emt 0:10:04] E94: King's Indian: Classical: 6 Be2 e5 7 0-0: Various Black 7th moves} ({Predecessor:} 14. Rfd1 Kg7 15. h3 Nc5 16. Bf1 Ne6 17. Ne2 Ng5 18. Nxg5 Bxg5 19. Rd6 Be7 20. R6d2 Be6 21. b3 Rad8 22. Rxd8 Rxd8 23. Rxd8 Bxd8 {0-1 (49) Corish,A-Richardson,K (2220) Port Erin 2004}) 14... Bg4 15. Bc2 Bxf3 16. gxf3 Nc5 17. Rfd1 Ne6 18. Ne2 a5 19. Kg2 a4 20. Nc3 Bg5 21. Rd7 Nc5 22. R7d6 Bd8 23. a3 Bc7 24. R6d2 Ba5 25. Rd6 Bc7 ({Better is} 25... Bd8 $15) 26. R6d2 Kf8 27. Kf1 h5 28. Ke2 Bb6 29. Kf1 Ke7 30. Kg2 Ba5 31. Kf1 Bxc3 32. bxc3 Red8 33. Rxd8 Rxd8 34. Rxd8 Kxd8 35. Ke2 Kc7 36. Kd2 Kd6 37. Bd1 Nb3+ 38. Kd3 Kc5 39. Bc2 f6 40. Bd1 h4 41. h3 Na5 42. Bxa4 Nxc4 43. Bb3 Nxa3 44. Bf7 g5 45. Bb3 Nb5 46. Bg8 Nd6 47. Bb3 b5 48. Bg8 b4 49. c4 Nb7 50. Bf7 Na5 51. Bg8 Nb3 52. Bf7 Nd4 53. Bh5 Kb6 54. Bg4 $19 Ka5 {[%emt 0:00:06] Kxd4} 0-1

[Event "IIFL Wealth  4th Mumbai Junior U-13"]
[Site "Mumbai"]
[Date "2019.01.05"]
[Round "7"]
[White "Mahi Amit Doshi"]
[Black "Tawade Arnav"]
[Result "0-1"]
[ECO "D00"]
[WhiteElo "1551"]
[BlackElo "1285"]
[Annotator "NA RC"]
[PlyCount "119"]
[EventDate "2018.12.30"]
[EventType "swiss"]
[EventCountry "IND"]
[SourceTitle "playchess.com"]
[Source "ChessBase"]
[SourceQuality "1"]
[TimeControl "40/5400+30:1800+30"]

1. d4 d5 2. Bf4 Nf6 3. e3 c5 4. c3 Nc6 5. Nd2 Bf5 6. Ngf3 e6 7. Be2 Qb6 8. Qc1 h6 9. h3 c4 10. O-O Be7 11. Ne5 Nxe5 12. Bxe5 Qc6 13. Re1 O-O 14. Bd1 b5 15. a3 a5 16. Bc2 Bxc2 17. Qxc2 Nd7 18. Bg3 Bd6 19. Bxd6 Qxd6 20. e4 Rfb8 21. e5 Qb6 22. b4 axb4 23. axb4 Ra6 24. Qb2 Rba8 25. Nf1 Qa7 26. Rxa6 Qxa6 27. Ne3 Qa2 28. Qxa2 Rxa2 29. Rc1 Nb6 30. Kf1 Na4 31. Ke1 Nb6 32. Nc2 Na4 33. Kd2 Kf8 34. Ra1 Rxa1 35. Nxa1 Nb6 36. Nc2 Na8 37. Ke3 Ke7 38. Kf4 g6 39. Ne3 Nb6 40. Nd1 Na4 41. Ke3 Nb6 42. Kd2 Na4 43. Kc2 Kf8 44. Ne3 h5 45. g4 Kg7 46. f4 Nb6 47. Kd2 Kh6 48. gxh5 Kxh5 49. Ng4 Nd7 50. Ke3 Kh4 51. Nh2 Kxh3 52. Nf3 f6 53. exf6 Nxf6 54. Ng5+ Kg4 55. Nxe6 Ne4 56. Nc7 Nxc3 57. Kd2 Ne4+ 58. Ke3 c3 59. Nxb5 c2 60. Nc7 0-1

[Event "IIFL Wealth  4th Mumbai Junior U-13"]
[Site "Mumbai"]
[Date "2019.01.05"]
[Round "7"]
[White "Jain Adi"]
[Black "Sushanth Kamabathula"]
[Result "1-0"]
[ECO "A09"]
[WhiteElo "1545"]
[BlackElo "1267"]
[Annotator "NA RC"]
[PlyCount "65"]
[EventDate "2018.12.30"]
[EventType "swiss"]
[EventCountry "IND"]
[SourceTitle "playchess.com"]
[Source "ChessBase"]
[SourceQuality "1"]
[TimeControl "40/5400+30:1800+30"]

1. Nf3 d5 2. c4 d4 3. g3 Nc6 4. d3 e5 5. Bg2 Be6 6. O-O f6 7. Re1 Qd7 8. Bd2 O-O-O 9. Qa4 Kb8 10. a3 g5 11. Rc1 h5 12. b4 a6 13. Qc2 Na7 14. a4 h4 15. b5 axb5 16. axb5 Bc5 17. Qa2 Qd6 18. Bb4 hxg3 19. hxg3 Ne7 20. Nfd2 Nec8 21. Ne4 Bxb4 22. Nxd6 Bxd6 23. Nd2 f5 24. Nb3 Bd7 25. c5 Be7 26. b6 c6 27. bxa7+ Ka8 28. Na5 Rh7 29. Qb2 b6 30. cxb6 Rh6 31. b7+ Kxa7 32. b8=Q+ Ka6 33. Nxc6+ 1-0

[Event "IIFL Wealth  4th Mumbai Junior U-13"]
[Site "Mumbai"]
[Date "2019.01.05"]
[Round "7"]
[White "Kshatriya Nitin Vekhande"]
[Black "Rout Yashita"]
[Result "1-0"]
[ECO "C68"]
[WhiteElo "1544"]
[BlackElo "1264"]
[Annotator "NA RC"]
[PlyCount "143"]
[EventDate "2018.12.30"]
[EventType "swiss"]
[EventCountry "IND"]
[SourceTitle "playchess.com"]
[Source "ChessBase"]
[SourceQuality "1"]
[TimeControl "40/5400+30:1800+30"]

1. e4 e5 2. Nf3 Nc6 3. Bb5 a6 4. Bxc6 dxc6 5. d4 exd4 6. Qxd4 Qxd4 7. Nxd4 Bd7 8. Be3 O-O-O 9. Nd2 Kb8 10. O-O-O Be7 11. c3 Nf6 12. f3 Rhe8 13. Bf2 h6 14. Nf1 Bd6 15. Ng3 Bf4+ 16. Kb1 g6 17. Nge2 Bd6 18. Bh4 Be7 19. h3 Kc8 20. Bg3 Bd6 21. Nc2 Bxg3 22. Nxg3 h5 23. h4 Kb8 24. Rd2 Kc8 25. Rhd1 Be6 26. Rxd8+ Rxd8 27. Rxd8+ Kxd8 28. a3 Kd7 29. Kc1 Kd6 30. Kd2 Nd7 31. Ne3 Nb6 32. Nh1 Ke5 33. g3 Kd6 34. Nf2 Nd7 35. f4 Nf8 36. c4 c5 37. Kc3 c6 38. Nd3 b6 39. f5 Bc8 40. b3 Nd7 41. g4 Ne5 42. gxh5 gxh5 43. Ng2 Nf3 44. Ngf4 Nxh4 45. Nxh5 Nf3 46. Nf6 Ne5 47. Ne8+ Ke7 48. Nxe5 Kxe8 49. Kd3 Bb7 50. a4 f6 51. Ng4 Ke7 52. Ke3 Kf7 53. Kf4 Ke7 54. e5 fxe5+ 55. Kxe5 b5 56. Nf2 bxa4 57. bxa4 a5 58. Ne4 Ba6 59. Nd6 Kf8 60. f6 Kg8 61. Ke6 Kf8 62. f7 Bc8+ 63. Nxc8 Kg7 64. Ke7 Kh7 65. f8=Q Kg6 66. Qf6+ Kh5 67. Qg7 Kh4 68. Kf6 Kh3 69. Qg1 Kh4 70. Kf5 Kh3 71. Kf4 Kh4 72. Qg4# 1-0

[Event "IIFL Wealth  4th Mumbai Junior U-13"]
[Site "Mumbai"]
[Date "2019.01.05"]
[Round "7"]
[White "Rushyendra Chowdary Kantipudi"]
[Black "Gosrani, Reeyan"]
[Result "1-0"]
[ECO "C68"]
[WhiteElo "1527"]
[BlackElo "1190"]
[Annotator "NA RC"]
[PlyCount "47"]
[EventDate "2018.12.30"]
[EventType "swiss"]
[EventCountry "IND"]
[SourceTitle "playchess.com"]
[Source "ChessBase"]
[SourceQuality "1"]
[TimeControl "40/5400+30:1800+30"]

1. e4 e5 2. Nf3 Nc6 3. Bb5 a6 4. Bxc6 dxc6 5. O-O Bd6 6. d3 Nf6 7. Nbd2 Be6 8. h3 Qd7 9. d4 exd4 10. e5 Bxe5 11. Nxe5 Qd6 12. Ndc4 Qc5 13. Re1 O-O-O 14. b3 Bxc4 15. Nxc4 b5 16. Ne5 Rhf8 17. Nd3 Qd6 18. Bf4 Qd7 19. Qd2 Rfe8 20. Qa5 Nd5 21. Nc5 Rxe1+ 22. Rxe1 Qf5 23. Qxa6+ Kb8 24. Qb7# 1-0

[Event "IIFL Wealth  4th Mumbai Junior U-13"]
[Site "Mumbai"]
[Date "2019.01.05"]
[Round "7"]
[White "Dhanvij Ansh"]
[Black "Tambe Shardul"]
[Result "1-0"]
[ECO "D18"]
[WhiteElo "1523"]
[BlackElo "1250"]
[Annotator "NA RC"]
[PlyCount "119"]
[EventDate "2018.12.30"]
[EventType "swiss"]
[EventCountry "IND"]
[SourceTitle "playchess.com"]
[Source "ChessBase"]
[SourceQuality "1"]
[TimeControl "40/5400+30:1800+30"]

1. d4 d5 2. c4 c6 3. Nc3 Nf6 4. Nf3 dxc4 5. a4 Bf5 6. e3 e6 7. Bxc4 Bb4 8. O-O Nbd7 9. Qb3 Qb6 10. Nh4 Bg6 11. f4 Nd5 12. Nxd5 exd5 13. Be2 Be4 14. Qd1 Qd8 15. Nf3 f6 16. Bd2 Qa5 17. Qe1 Bxd2 18. Nxd2 Qb6 19. Nxe4 dxe4 20. b4 f5 21. a5 Qc7 22. Bc4 Nf6 23. Be6 g6 24. Rc1 Qe7 25. Bb3 Nd5 26. Rc5 Rd8 27. b5 Rd6 28. bxc6 bxc6 29. Ba4 Qc7 30. Qc1 Ne7 31. d5 O-O 32. dxc6 Rfd8 33. Qc3 h6 34. Rb1 Rb8 35. Rxb8+ Qxb8 36. Bb3+ Kh7 37. c7 Qc8 38. Qe5 Qd7 39. Qxe7+ Qxe7 40. c8=Q Rd8 41. Qc7 Rd7 42. Qe5 Qh4 43. Qc3 Qe7 44. Qc4 Qg7 45. Qc3 Rd3 46. Qxg7+ Kxg7 47. Rc7+ Kf8 48. Bc2 Rxe3 49. Rxa7 Rc3 50. Ba4 Ra3 51. Bb5 Ra1+ 52. Kf2 Ra2+ 53. Be2 g5 54. a6 g4 55. Rb7 Ra3 56. a7 Rxa7 57. Rxa7 Kg8 58. Kg3 Kf8 59. Kh4 Ke8 60. Kh5 1-0

[Event "IIFL Wealth  4th Mumbai Junior U-13"]
[Site "Mumbai"]
[Date "2019.01.05"]
[Round "7"]
[White "Ratnapriya K"]
[Black "Keshav Padmanabhan"]
[Result "1/2-1/2"]
[ECO "C88"]
[WhiteElo "1516"]
[BlackElo "1272"]
[Annotator "NA RC"]
[PlyCount "140"]
[EventDate "2018.12.30"]
[EventType "swiss"]
[EventCountry "IND"]
[SourceTitle "playchess.com"]
[Source "ChessBase"]
[SourceQuality "1"]
[TimeControl "40/5400+30:1800+30"]

1. e4 e5 2. Nf3 Nc6 3. Bb5 a6 4. Ba4 b5 5. Bb3 Nf6 6. O-O Be7 7. Re1 d6 8. c3 Na5 9. Bc2 c5 10. d4 cxd4 11. cxd4 Nc6 12. h3 O-O 13. Nc3 Bb7 14. d5 Nb8 15. Be3 Nbd7 16. Ne2 Re8 17. Ng3 g6 18. Qd2 Bf8 19. Bh6 Qe7 20. Nh4 Rec8 21. Ngf5 Qd8 22. Bxf8 Qxf8 23. Nh6+ Kh8 24. Rac1 Rc7 25. Nf3 Nb6 26. Qa5 Qxh6 27. Qxb6 Ne8 28. Red1 Rac8 29. Ne1 Qf4 30. g3 Qf6 31. Rd2 Qe7 32. Rcd1 Nf6 33. Bd3 Rc1 34. Nc2 Rxd1+ 35. Rxd1 Qc7 36. Qe3 Kg7 37. Kh2 Qc5 38. Qf3 h5 39. Qg2 b4 40. Qf3 a5 41. Qe3 Rc7 42. Qxc5 Rxc5 43. f4 Nd7 44. Ne3 Kf8 45. Nc4 Ke7 46. Rf1 f6 47. f5 Ba6 48. b3 Bxc4 49. Bxc4 g5 50. Kg2 Nb6 51. Rc1 Nxc4 52. bxc4 Kd7 53. Kf2 Kc7 54. Ke3 Kb6 55. Kd3 Rc7 56. Rb1 Kc5 57. a3 Ra7 58. Rb2 Ra6 59. Rb1 Ra8 60. Ra1 b3 61. Rb1 Rb8 62. Rb2 a4 63. Kc3 h4 64. g4 Rb6 65. Kd3 Rb7 66. Kc3 Rb6 67. Kd3 Rb7 68. Kc3 Rb6 69. Kd3 Rb7 70. Kc3 Rb6 1/2-1/2

[Event "IIFL Wealth  4th Mumbai Junior U-13"]
[Site "Mumbai"]
[Date "2019.01.05"]
[Round "7"]
[White "Abhinav Dubey"]
[Black "Kinkhabwala Hrithik"]
[Result "0-1"]
[ECO "C55"]
[WhiteElo "1497"]
[BlackElo "1244"]
[Annotator "NA RC"]
[PlyCount "86"]
[EventDate "2018.12.30"]
[EventType "swiss"]
[EventCountry "IND"]
[SourceTitle "playchess.com"]
[Source "ChessBase"]
[SourceQuality "1"]
[TimeControl "40/5400+30:1800+30"]

1. e4 e5 2. Nf3 Nc6 3. d4 exd4 4. Bc4 Nf6 5. e5 d5 6. Bb5 Ne4 7. Nxd4 Bc5 8. Be3 Bd7 9. Bxc6 bxc6 10. O-O Qe7 11. f3 Nd6 12. f4 Nc4 13. Bc1 O-O 14. Kh1 f6 15. e6 Bxd4 16. exd7 Bxb2 17. Bxb2 Nxb2 18. Qd4 Nc4 19. Nc3 Qe3 20. Qxe3 Nxe3 21. Rf3 Nxc2 22. Rc1 Na3 23. Na4 Nc4 24. Nc5 Kf7 25. Re1 Rfd8 26. Rf2 Nd6 27. Rd2 Rab8 28. h3 Rb5 29. Rc2 Nc4 30. Re8 Rxe8 31. dxe8=Q+ Kxe8 32. Ne6 Kf7 33. Nxc7 Rb2 34. Rc3 Rxa2 35. f5 Ke7 36. Rg3 Kd6 37. Rxg7 d4 38. Ne8+ Ke5 39. Rd7 Nb6 40. Rd6 Nd5 41. Rxc6 d3 42. Rc1 d2 43. Rd1 Ne3 0-1

[Event "IIFL Wealth  4th Mumbai Junior U-13"]
[Site "Mumbai"]
[Date "2019.01.05"]
[Round "7"]
[White "Marium Fatima"]
[Black "Aarna Chugh"]
[Result "1-0"]
[ECO "A46"]
[WhiteElo "1494"]
[BlackElo "1164"]
[Annotator "NA RC"]
[PlyCount "129"]
[EventDate "2018.12.30"]
[EventType "swiss"]
[EventCountry "IND"]
[SourceTitle "playchess.com"]
[Source "ChessBase"]
[SourceQuality "1"]
[TimeControl "40/5400+30:1800+30"]

1. d4 Nf6 2. Nf3 e6 3. g3 d5 4. Bg2 c5 5. b3 Nc6 6. Bb2 Be7 7. O-O O-O 8. Nbd2 b6 9. c4 Bb7 10. Rc1 Rc8 11. dxc5 dxc4 12. Bxf6 Bxf6 13. Nxc4 bxc5 14. Nd6 Rb8 15. Rxc5 Ba8 16. Ne4 Be7 17. Rc1 Nb4 18. Nc3 Bf6 19. a3 Nc6 20. Qc2 Qb6 21. b4 Rbc8 22. Ne4 Be7 23. Neg5 Bxg5 24. Nxg5 g6 25. Qb2 Nd4 26. Bxa8 Rxa8 27. e3 Nf5 28. Ne4 Ng7 29. Nf6+ Kh8 30. Nd7 Qd6 31. Nxf8 Rxf8 32. Rfd1 Qe7 33. Qd4 e5 34. Qd7 Qf6 35. Qd6 Qxd6 36. Rxd6 Nf5 37. Ra6 Rd8 38. Rxa7 Kg7 39. Rcc7 Rd1+ 40. Kg2 Nh6 41. Rd7 Ra1 42. Rd2 Kf6 43. b5 Rb1 44. a4 Rb4 45. Ra6+ Kg7 46. b6 Nf5 47. a5 Ne7 48. Ra8 Nc6 49. Rc2 Ne7 50. Rc7 Nd5 51. Rd7 Nf6 52. Rda7 Rb2 53. b7 Nd7 54. Rd8 Nc5 55. b8=Q Rxb8 56. Rxb8 Nd3 57. Rc7 e4 58. a6 Ne5 59. a7 Nf3 60. a8=Q Kh6 61. Rc5 Ne1+ 62. Kf1 Nd3 63. Ra5 Nc1 64. Rg8 Nd3 65. Qf8# 1-0

[Event "IIFL Wealth  4th Mumbai Junior U-13"]
[Site "Mumbai"]
[Date "2019.01.05"]
[Round "7"]
[White "Shravan Swaminathan"]
[Black "Haldankar Dhruv"]
[Result "1-0"]
[ECO "A46"]
[WhiteElo "1488"]
[BlackElo "1245"]
[Annotator "NA RC"]
[PlyCount "131"]
[EventDate "2018.12.30"]
[EventType "swiss"]
[EventCountry "IND"]
[SourceTitle "playchess.com"]
[Source "ChessBase"]
[SourceQuality "1"]
[TimeControl "40/5400+30:1800+30"]

1. d4 Nf6 2. Nf3 e6 3. Bf4 d5 4. e3 c5 5. c3 Bd6 6. Bg3 Nc6 7. Nbd2 O-O 8. Bd3 b6 9. Ne5 Bb7 10. f4 Ne7 11. Qf3 Nf5 12. Bf2 Be7 13. Ng4 Nd6 14. Nxf6+ Bxf6 15. g4 g6 16. h4 Qd7 17. g5 Bh8 18. h5 Rad8 19. Qh3 Nf5 20. Rh2 cxd4 21. exd4 Rc8 22. Nf3 Rc7 23. Kd2 Rfc8 24. Nh4 Nxh4 25. Qxh4 Qe8 26. Bc2 a6 27. Re1 Re7 28. Qg3 Rcc7 29. Reh1 Rcd7 30. Qd3 Rc7 31. hxg6 fxg6 32. Qxg6+ Qxg6 33. Bxg6 e5 34. Bf5 exd4 35. cxd4 Bc8 36. Bd3 Bg4 37. Rh6 Bf3 38. R1h3 Be4 39. Rxb6 a5 40. Re3 Bxd3 41. Kxd3 Rxe3+ 42. Bxe3 Bg7 43. Rb5 Kf7 44. Rxd5 Rb7 45. b3 Ra7 46. Rb5 a4 47. d5 axb3 48. axb3 Rd7 49. Bd4 Bf8 50. Ke4 h5 51. gxh6 Bxh6 52. Be5 Bf8 53. Rb6 Be7 54. b4 Ra7 55. b5 Ra4+ 56. Kf5 Ra7 57. d6 Bf8 58. Rc6 Ra8 59. b6 Rb8 60. b7 Rxb7 61. Rc7+ Rxc7 62. dxc7 Bd6 63. c8=Q Bxe5 64. Qd7+ Kf8 65. Kg6 Bxf4 66. Qd8# 1-0

[Event "IIFL Wealth  4th Mumbai Junior U-13"]
[Site "Mumbai"]
[Date "2019.01.05"]
[Round "7"]
[White "Adireddy Arjun"]
[Black "Yash Joshi"]
[Result "1-0"]
[ECO "B76"]
[WhiteElo "1468"]
[BlackElo "1389"]
[Annotator "NA RC"]
[PlyCount "99"]
[EventDate "2018.12.30"]
[EventType "swiss"]
[EventCountry "IND"]
[SourceTitle "playchess.com"]
[Source "ChessBase"]
[SourceQuality "1"]
[TimeControl "40/5400+30:1800+30"]

1. e4 c5 2. Nf3 d6 3. d4 cxd4 4. Nxd4 Nf6 5. Nc3 g6 6. Be3 Bg7 7. f3 O-O 8. Qd2 Nc6 9. O-O-O d5 10. Qe1 e5 11. Nxc6 bxc6 12. Bc4 d4 13. Na4 c5 14. Bd2 Qc7 15. b3 Bd7 16. Nb2 Rab8 17. a4 Bc6 18. Ba5 Qb7 19. Qe2 Qe7 20. Ba6 Bb7 21. Bb5 Nd7 22. Ba6 Bxa6 23. Qxa6 Nb6 24. Kb1 Rfc8 25. Bxb6 axb6 26. Qc4 Qg5 27. Rhg1 Kf8 28. g3 Rc7 29. Nd3 Qe7 30. Kb2 Rcb7 31. Ra1 Bh6 32. a5 bxa5 33. Rxa5 Bd2 34. Ra4 Bb4 35. h4 Ra7 36. Rxa7 Qxa7 37. Nxb4 Rxb4 38. Qd5 Qc7 39. f4 exf4 40. gxf4 Qb6 41. Rd1 Rb5 42. f5 gxf5 43. exf5 Qf6 44. Qa8+ Kg7 45. Rg1+ Kh6 46. Qe4 d3+ 47. c3 Rb4 48. Qe3+ Kh5 49. Rg5+ Kxh4 50. Qg3# 1-0

[Event "IIFL Wealth  4th Mumbai Junior U-13"]
[Site "Mumbai"]
[Date "2019.01.05"]
[Round "7"]
[White "Shrey Nilkant"]
[Black "Jain Vihaan"]
[Result "1-0"]
[ECO "B23"]
[WhiteElo "1466"]
[BlackElo "1149"]
[Annotator "NA RC"]
[PlyCount "97"]
[EventDate "2018.12.30"]
[EventType "swiss"]
[EventCountry "IND"]
[SourceTitle "playchess.com"]
[Source "ChessBase"]
[SourceQuality "1"]
[TimeControl "40/5400+30:1800+30"]

1. e4 c5 2. Nc3 Nc6 3. f4 e6 4. Nf3 d5 5. Bb5 dxe4 6. Bxc6+ bxc6 7. Nxe4 Nf6 8. Qe2 Nxe4 9. Qxe4 Qd5 10. d3 c4 11. Qxc4 Qxc4 12. dxc4 Ba6 13. b3 Bc5 14. Bb2 O-O 15. Ne5 Rfc8 16. Ke2 f6 17. Nf3 Rab8 18. Bd4 Bxd4 19. Nxd4 Kf7 20. Kf2 c5 21. Nf3 Rd8 22. Rad1 Bb7 23. Rhe1 Rbc8 24. Rd2 Bxf3 25. Rxd8 Rxd8 26. Kxf3 Rd2 27. Re2 Rd4 28. Ke3 Ke7 29. Rd2 Rxd2 30. Kxd2 Kd6 31. c3 e5 32. fxe5+ fxe5 33. Ke3 a5 34. a3 Ke6 35. Ke4 g5 36. g4 h6 37. b4 cxb4 38. cxb4 axb4 39. axb4 Kf6 40. c5 Ke6 41. b5 Kd7 42. Kxe5 h5 43. gxh5 Ke7 44. c6 Kf7 45. c7 Ke7 46. c8=Q Kf7 47. Qd7+ Kf8 48. Kf6 g4 49. Qc8# {[%emt 0:00:06] Ke7+} 1-0

[Event "IIFL Wealth  4th Mumbai Junior U-13"]
[Site "Mumbai"]
[Date "2019.01.05"]
[Round "7"]
[White "Singh, Arjun Kumar"]
[Black "Arhan Chethan Anand"]
[Result "1/2-1/2"]
[ECO "A06"]
[WhiteElo "1461"]
[BlackElo "1710"]
[Annotator "NA RC"]
[PlyCount "142"]
[EventDate "2018.12.30"]
[EventType "swiss"]
[EventCountry "IND"]
[SourceTitle "playchess.com"]
[Source "ChessBase"]
[SourceQuality "1"]
[TimeControl "40/5400+30:1800+30"]

1. Nf3 d5 2. g3 Bg4 3. Bg2 c6 4. c4 Nf6 5. cxd5 cxd5 6. O-O Nc6 7. d4 e6 8. Bf4 Be7 9. Nc3 O-O 10. Rc1 Rc8 11. Qd2 Bb4 12. Ne5 Bf5 13. a3 Bxc3 14. Rxc3 Nxe5 15. Rxc8 Qxc8 16. Bxe5 Ne8 17. Rc1 Qd8 18. Qb4 f6 19. Bf4 g5 20. Bd2 Rf7 21. Qc5 b6 22. Qc8 Rd7 23. Qxd8 Rxd8 24. Kf1 Kf7 25. Ke1 Ke7 26. e3 Bd3 27. Bb4+ Kd7 28. Kd2 Bc4 29. e4 a5 30. Bc3 Nd6 31. exd5 Bxd5 32. Bxd5 exd5 33. Kd3 Re8 34. f3 Nc4 35. h4 Re3+ 36. Kc2 Rxf3 37. hxg5 fxg5 38. Rh1 Rf7 39. Rh6 Kc7 40. Rh5 Rg7 41. Bd2 Nxd2 42. Kxd2 Kc6 43. Rh6+ Kb5 44. b3 a4 45. bxa4+ Kc4 46. Rxb6 Kxd4 47. a5 Kc5 48. a4 Ra7 49. Rb5+ Kc4 50. g4 Ra6 51. Kc2 h6 52. Kd2 Ra8 53. Kc2 d4 54. Kd2 Ra7 55. Kc2 Ra6 56. Kd2 Ra8 57. Kc2 Rf8 58. a6 Ra8 59. Rb6 Ra7 60. a5 Ra8 61. Rxh6 Ra7 62. Rg6 Ra8 63. Rc6+ Kb5 64. Rg6 Kc4 65. Rxg5 Rxa6 66. Rf5 Rh6 67. g5 Rh2+ 68. Kd1 Kd3 69. Rf3+ Ke4 70. Ra3 d3 71. a6 Ke3 1/2-1/2

[Event "IIFL Wealth  4th Mumbai Junior U-13"]
[Site "Mumbai"]
[Date "2019.01.05"]
[Round "7"]
[White "Nanal Arnav"]
[Black "Savitha Shri B"]
[Result "1-0"]
[ECO "A48"]
[WhiteElo "1456"]
[BlackElo "1894"]
[Annotator "NA RC"]
[PlyCount "69"]
[EventDate "2018.12.30"]
[EventType "swiss"]
[EventCountry "IND"]
[SourceTitle "playchess.com"]
[Source "ChessBase"]
[SourceQuality "1"]
[TimeControl "40/5400+30:1800+30"]

1. d4 Nf6 2. Nf3 g6 3. c3 Bg7 4. Bf4 O-O 5. h3 d6 6. e3 Nbd7 7. Be2 b6 8. O-O Bb7 9. Nbd2 Qe8 10. a4 {[%emt 0:02:54] A48: 1 d4 Nf6 2 Nf3 g6: Torre, London and Colle Systems} e5 (10... a6 11. Qc2 e5 12. dxe5 dxe5 13. Bh2 e4 14. Nd4 Ne5 15. a5 b5 16. c4 b4 17. c5 Bd5 {0-1 (32) Vovk,Y (2617)-Wei,Y (2734) Baku 2015}) 11. Bh2 e4 12. Ne1 Qe7 13. Nc2 Rac8 $146 ({Predecessor:} 13... a6 14. a5 b5 15. b4 Nd5 16. Ra3 c6 17. c4 N5f6 {1-0 (41) Caron,S-Harman,K (1610) ICCF email 2016}) 14. a5 Ne8 (14... Ra8 $16) 15. axb6 axb6 16. Ra7 Bc6 17. Nc4 d5 18. Nb4 Qe6 19. Na3 Nb8 20. Qb3 Nd6 21. Ra1 Rfd8 22. Ba6 Nxa6 $2 (22... Bf8 23. Bf4 Be7) 23. Nxc6 Nb8 24. Nxd8 Rxd8 25. Nb5 Nc6 26. Nxc7 Qf5 27. Ra8 Nc4 28. Rxd8+ Nxd8 29. Ra8 Bf6 30. Qb5 Bh4 31. Bf4 Kg7 32. Qxd5 (32. g4 $142) 32... Nxb2 33. Qxf5 gxf5 34. g3 $18 Bf6 35. Ne8+ 1-0

[Event "IIFL Wealth  4th Mumbai Junior U-13"]
[Site "Mumbai"]
[Date "2019.01.05"]
[Round "7"]
[White "Sairaj Dilip Vernekar"]
[Black "Larmet, Nino"]
[Result "1-0"]
[ECO "C54"]
[WhiteElo "1445"]
[BlackElo "1835"]
[Annotator "NA RC"]
[PlyCount "83"]
[EventDate "2018.12.30"]
[EventType "swiss"]
[EventCountry "IND"]
[SourceTitle "playchess.com"]
[Source "ChessBase"]
[SourceQuality "1"]
[TimeControl "40/5400+30:1800+30"]

1. e4 e5 2. Nf3 Nc6 3. d4 exd4 4. Bc4 Bc5 5. c3 Nf6 6. e5 d5 7. Bb5 Ne4 8. cxd4 Bb6 9. O-O O-O 10. Nc3 Bg4 {[%emt 0:01:19] LiveBook: 3 Games C54: Giuoco Piano: 4 c3 Nf6, main lines with 5 d4 and 5 d3} 11. Bxc6 (11. Be3 f5 12. Ne2 Bxf3 13. gxf3 Ng5 14. Nf4 Nxd4 15. Bxd4 Bxd4 16. h4 Bxe5 17. Qxd5+ Qxd5 18. Nxd5 Nxf3+ {0-1 (27) Galkin,A (2590)-Winants,L (2516) playchess.com INT 2007}) 11... bxc6 12. Be3 f6 13. Nxe4 dxe4 14. Qb3+ Kh8 15. Nd2 {[%emt 0:00:26] [#]} Bf5 $146 (15... f5 $1 $17 16. f3 Bxd4) ({Predecessor:} 15... Bxd4 16. exf6 Bxf6 17. Nxe4 Rb8 18. Qa4 Bxb2 {1-0 (33) Panainte,A (1850)-Firaru,R (1835) Calimanesti Caciulata 2017}) 16. Qc3 Qd5 17. Nc4 Rad8 18. exf6 gxf6 19. Rfd1 Rg8 20. Kf1 Bg4 21. Rd2 Qh5 22. Bf4 Bf3 23. gxf3 exf3 24. Bg3 Qh3+ 25. Ke1 Qg2 26. Rdd1 Rge8+ 27. Ne3 {[%emt 0:01:04] [#]} (27. Kd2 $142 Bxd4 {[%mdl 64] Double Attack} 28. Qb3 Bxf2+ {[%mdl 64] Discovered Attack} 29. Kc3 Bxg3 30. hxg3) 27... Ba5 $4 (27... Rxe3+ $1 $19 28. Qxe3 Ba5+ 29. Qc3 Bxc3+ 30. bxc3 Re8+ 31. Kd2 Re2+ 32. Kd3 Qh3) 28. Qxa5 {[%emt 0:01:35] Double Attack} Rxe3+ 29. Kd2 Re2+ 30. Kc3 Qh3 31. Qxc7 Rd7 $18 32. Qxc6 Qf5 33. Kb3 Qd5+ 34. Qxd5 Rxd5 35. Kc4 Rd8 36. b3 Rc2+ 37. Kb4 Rd5 38. a4 a5+ 39. Ka3 Rc3 40. Kb2 Rc8 41. Rac1 Rcd8 42. Rc4 1-0

[Event "IIFL Wealth  4th Mumbai Junior U-13"]
[Site "Mumbai"]
[Date "2019.01.05"]
[Round "7"]
[White "Athalye Varad"]
[Black "Krishnan Ritvik"]
[Result "1/2-1/2"]
[ECO "B34"]
[WhiteElo "1442"]
[BlackElo "1812"]
[Annotator "NA RC"]
[PlyCount "92"]
[EventDate "2018.12.30"]
[EventType "swiss"]
[EventCountry "IND"]
[SourceTitle "playchess.com"]
[Source "ChessBase"]
[SourceQuality "1"]
[TimeControl "40/5400+30:1800+30"]

1. e4 c5 2. Nf3 Nc6 3. d4 cxd4 4. Nxd4 Nf6 5. Nc3 e5 6. Ndb5 d6 7. a4 a6 8. Na3 Bg4 9. f3 Be6 10. Bc4 {[%emt 0:00:04] B33: Sicilian: Pelikan and Sveshnikov Variations} Be7 11. Be3 O-O 12. O-O {[%emt 0:01:41] LiveBook: 3 Games} Rc8 13. Bb3 $146 ({Predecessor:} 13. Nd5 $11 Bxd5 14. exd5 Nb8 15. Be2 Nbd7 16. Nc4 Nh5 17. Qd2 h6 {0-1 (53) Giaccio,A (2470)-Vasquez Schroder,R (2521) Dos Hermanas 2004}) 13... Bxb3 14. cxb3 Nb4 15. Nc4 Qc7 16. Rc1 Qb8 17. Nb6 Rc6 18. Ncd5 Nbxd5 19. Nxd5 Nxd5 20. Qxd5 Rfc8 21. Rc4 h6 22. Rfc1 Qc7 23. Qd3 Qd7 24. Qd5 Bf8 25. a5 Kh7 26. h3 Kg8 27. Kh2 Be7 28. b4 Rxc4 29. Rxc4 Rxc4 30. Qxc4 Qc6 31. b3 Kf8 32. b5 Qxc4 33. bxc4 Ke8 34. Kg3 Bd8 35. Bd2 Kd7 36. Kf2 Ke6 37. Ke2 f5 38. Kd3 f4 39. Kc2 Bh4 40. Kb3 Bf2 41. Bb4 Bc5 42. Be1 Bd4 43. Bh4 g5 $11 44. Be1 Bc5 45. Ka4 Kf6 46. Kb3 Kg6 1/2-1/2

[Event "IIFL Wealth  4th Mumbai Junior U-13"]
[Site "Mumbai"]
[Date "2019.01.05"]
[Round "7"]
[White "Swara Lakshmi S Nair"]
[Black "Thatavarthy Siva Suhas"]
[Result "0-1"]
[ECO "B78"]
[WhiteElo "1415"]
[BlackElo "1173"]
[Annotator "NA"]
[PlyCount "100"]
[EventDate "2018.12.30"]
[EventType "swiss"]
[EventCountry "IND"]
[SourceTitle "playchess.com"]
[Source "ChessBase"]
[SourceQuality "1"]
[TimeControl "40/5400+30:1800+30"]

1. e4 c5 2. Nf3 d6 3. d4 cxd4 4. Nxd4 Nf6 5. Nc3 g6 6. Be3 Bg7 7. f3 O-O 8. Qd2 Nc6 9. Bc4 Bd7 10. O-O-O Qa5 11. Bb3 Rfc8 12. Kb1 Ne5 13. Bg5 Nc4 14. Bxc4 Rxc4 15. Nb3 Qa6 16. h4 Be6 17. g4 b5 18. Bh6 Bxh6 19. Qxh6 Rac8 20. Rd2 b4 21. Ne2 Qb6 22. Ned4 d5 23. e5 Nd7 24. h5 Nf8 25. hxg6 fxg6 26. Ne2 Bf7 27. f4 Qe3 28. Rh3 Qe4 29. Rhd3 Rxc2 30. Ng3 Qc4 31. Ne2 Rxd2 32. Rxd2 Qe4+ 33. Ka1 Rc2 34. Rxc2 Qxc2 35. Nec1 d4 36. f5 Bxb3 37. axb3 Qc7 38. Qf4 gxf5 39. gxf5 e6 40. f6 Ng6 41. Qg5 Qxe5 42. Qd2 a5 43. Ne2 Qxf6 44. Nxd4 Qf4 45. Qd1 Qd6 46. Qg1 e5 47. Nf5 Qe6 48. Nh6+ Kg7 49. Ng4 h5 50. Ne3 Qxb3 0-1